 Dungeon Crawl Stone Soup version 0.28.0 (webtiles) character file.

Game seed: 16661839171435057634

92375 SnakkuSnakku7 the Arsonist (level 16, -4/117 HPs)
             Began as a Barachi Necromancer on Feb 14, 2022.
             Was an Elder of Sif Muna.
             Killed from afar by an ironbound frostheart (19 damage)
             ... by creeping frost
             ... summoned by an orange crystal statue
             ... in an ice cave.
             The game lasted 01:01:51 (30341 turns).

SnakkuSnakku7 the Arsonist (Barachi Necromancer)   Turns: 30341, Time: 01:01:52

Health: -4/117     AC: 24    Str: 11    XL:     16   Next: 5%
Magic:  21/30      EV: 14    Int: 22    God:    Sif Muna [****..]
Gold:   2929       SH: 11    Dex: 18    Spells: 12/35 levels left

rFire   . . .      SeeInvis .   a - +8 flail "Dohituny" {drain, rC+ Dex+2 Stlth+}
rCold   + + .      Faith    .   k - +0 buckler
rNeg    . . .      Spirit   .   A - +0 swamp dragon scales
rPois   +          Reflect  +   F - +3 helmet of Intuition {Dex+3}
rElec   .          Harm     .   M - +2 cloak
rCorr   .          Rampage  .   (no gloves)
Will    +....                   f - +2 pair of boots
Stlth   ++........              p - amulet of reflection
HPRegen 0.29/turn               s - ring of protection from cold
MPRegen 0.22/turn               n - +4 ring of protection

@: channelling, unable to hop, studying Axes, slow
A: amphibious, slowness 1, strong legs 2, +LOS
a: Hop, Renounce Religion, Channel Magic, Forget Spell, Divine Exegesis


You were in an ice cave.
You worshipped Sif Muna.
Sif Muna was greatly pleased with you.
You visited 4 branches of the dungeon, and saw 24 of its levels.
You visited the Abyss 1 time.
You also visited: Ice Cave and Volcano.

You collected 4010 gold pieces.
You spent 1081 gold pieces at shops.

Inventory:

Hand Weapons
 a - the +8 flail "Dohituny" (weapon) {drain, rC+ Dex+2 Stlth+}
   (You found it on level 13 of the Dungeon)

   A truly terrible weapon, it drains the life of any living foe it strikes.
   Dex:       It affects your dexterity (+2).
   rC:        It protects you from cold.
   Stlth:     It makes you more stealthy.
Missiles
 v - 6 curare-tipped darts
 L - 4 throwing nets
Armour
 e - a +0 kite shield
 f - a +2 pair of boots (worn)
 h - a +0 tower shield of protection
 k - a +0 buckler (worn)
 A - +0 swamp dragon scales (worn)
 F - the +3 helmet of Intuition (worn) {Dex+3}
   (You acquired it on level 14 of the Dungeon)

   Dex:       It affects your dexterity (+3).
 M - a +2 cloak (worn)
Jewellery
 i - a ring of protection from fire
 j - a ring of poison resistance
 n - a +4 ring of protection (right hand)
 p - an amulet of reflection (around neck)
 s - a ring of protection from cold (left hand)
 K - a ring of resist corrosion
 R - a ring of fire
 U - a ring of ice
Wands
 o - a wand of mindburst (4)
 z - a wand of charming (18)
 C - a wand of polymorph (24)
 N - a wand of flame (10)
Scrolls
 l - 7 scrolls of teleportation
 q - a scroll of blinking
 w - a scroll of enchant armour
 x - a scroll of holy word
 y - 4 scrolls of vulnerability
 D - 4 scrolls of amnesia
 Q - 3 scrolls of silence
 W - 3 scrolls of enchant weapon
Potions
 b - 3 potions of brilliance
 d - 7 potions of berserk rage
 m - 9 potions of curing
 r - a potion of flight
 t - 4 potions of attraction
 B - 5 potions of haste {unknown}
 E - 4 potions of ambrosia
 G - 4 potions of might
 H - a potion of mutation
 I - a potion of heal wounds
 J - 4 potions of magic
 S - 2 potions of invisibility
 T - a potion of cancellation


   Skills:
 - Level 8.0 Fighting
 - Level 7.7 Maces & Flails
 - Level 8.0 Armour
 - Level 8.0 Dodging
 - Level 1.7 Stealth
 - Level 5.0 Shields
 + Level 10.0 Spellcasting
 - Level 14.6 Conjurations
 - Level 10.0 Necromancy
 - Level 14.6 Fire Magic
 - Level 7.1 Invocations


You had 12 spell levels left.
You knew the following spells:

 Your Spells              Type           Power      Damage    Failure   Level
a - Flame Wave            Conj/Fire      66%        2d12      1%          4
b - Vampiric Draining     Necr           53%        2d9       1%          3
c - Agony                 Necr           53%        N/A       7%          5
d - Pain                  Necr           100%       1d9       1%          1
e - Starburst             Conj/Fire      33%        6d10      6%          6
s - Sticky Flame          Conj/Fire      66%        2d8       1%          4

Your spell library contained the following spells:

 Spells                   Type           Power      Damage    Failure   Level
 Animate Skeleton         Necr           100%       N/A       1%          1
 Foxfire                  Conj/Fire      100%       2x1d9     1%          1
 Scorch                   Fire           100%       2d10      1%          2
 Conjure Flame            Conj/Fire      66%        6-21      1%          3
 Fireball                 Conj/Fire      33%        3d14      1%          5
 Inner Flame              Hex/Fire       43%        N/A       2%          3
 Animate Dead             Necr           26%        N/A       2%          4
 Ignite Poison            Fire/Tmut/Pois 32%        N/A       7%          3
 Mephitic Cloud           Conj/Pois/Air  32%        N/A       7%          3
 Excruciating Wounds      Necr           26%        N/A       7%          5
 Apportation              Tloc           22%        N/A       16%         1
 Slow                     Hex            44%        N/A       16%         1
 Summon Small Mammal      Summ           44%        N/A       16%         1
 Blink                    Tloc           22%        N/A       24%         2
 Ensorcelled Hibernation  Hex/Ice        22%        N/A       24%         2
 Death Channel            Necr           26%        N/A       36%         6
 Confusing Touch          Hex            11%        N/A       43%         3
 Gell's Gravitas          Tloc           11%        N/A       43%         3
 Teleport Other           Tloc           11%        N/A       43%         3
 Freezing Cloud           Conj/Ice/Air   16%        6-21      52%         5
 Ignition                 Fire           33%        3d10      95%         8
 Alistair's Intoxication  Tmut/Pois      7%         N/A       99%         5
 Manifold Assault         Tloc           11%        N/A       99%         5
 Yara's Violent Unravell  Hex/Tmut       5%         3d4       99%         5
 Dispersal                Tloc           5%         N/A       100%        6
 Summon Cactus Giant      Summ           5%         N/A       100%        6
 Enfeeble                 Hex            5%         N/A       100%        7
 Haunt                    Necr/Summ      16%        N/A       100%        7
 Storm Form               Tmut/Air       5%         N/A       100%        7
 Infestation              Necr           26%        N/A       100%        8
 Chain Lightning          Conj/Air       21%        3d28      100%        9
 Death's Door             Necr           26%        N/A       100%        9
 Fire Storm               Conj/Fire      33%        8d8       100%        9
 Shatter                  Erth           5%         3d8*      100%        9


Dungeon Overview and Level Annotations

Branches:
Dungeon (15/15)            Temple (1/1) D:4            Lair (6/6) D:10
 Shoals (0/4) Lair:3       Spider (0/4) Lair:4          Orc (2/2) D:10
    Elf (0/3) Orc:2        Vaults (0/5) D:13          IceCv (1/1)
Volcano (visited)
  Slime: Lair:5-6    Depths: D:15

Altars:
Ashenzari
Makhleb
Okawaru
Sif Muna
Wu Jian
Xom
Beogh

Shops:
D:14 =   Orc:2 [::[

Annotations:
D:8 3 runed translucent doors, browni3141's ghost, novice TrBe; freelancePsychic's ghost, novice MfIE
D:11 dolemite99's ghost, journeyman DsCj
Lair:5 exclusion: oklob plant IceCv exclusion: orange crystal statue


Innate Abilities, Weirdness & Mutations

You are amphibious.
You cover ground slowly.
You can hop long distances.
You have an extended range of vision and can be seen from far away.


Message History

The ironbound frostheart calls freezing cold from the walls.
The frost grips you!! You partially resist.
You are encased in ice.
You block the polar bear's attack. x2; The polar bear claws you.
The polar bear barely misses you. The polar bear claws you.
The polar bear claws you but does no damage.
You block the polar bear's attack. The polar bear closely misses you. x2
You block the polar bear's attack. The polar bear claws you.
You block the polar bear's attack.
Casting: Starburst (dangerous; 6% risk of failure)
Press: ? - help, Q - select action, (/) - cycle Dir - look around, f - activate The bolt of fire hits the polar bear!!
You kill the polar bear!
The polar bear's corpse dissolves into shadows!
The bolt of fire hits the ironbound frostheart!!
The ironbound frostheart is moderately wounded.
The ice encasing you melts away.
The ironbound frostheart calls freezing cold from the walls.
The frost grips you! You partially resist.
* * * LOW HITPOINT WARNING * * *
You are encased in ice.
Unknown command.
Casting: Starburst (dangerous; 6% risk of failure)
Press: ? - help, Q - select action, (/) - cycle Dir - look around, f - activate The bolt of fire hits the ironbound frostheart!!
The ironbound frostheart is severely wounded.
Unknown command.
Unknown command.
The ironbound frostheart touches you.
* * * LOW HITPOINT WARNING * * *
The ironbound frostheart freezes you! You resist.
* * * LOW HITPOINT WARNING * * *
Unknown command.
Hop to where?
Press: ? - help, Dir - move target Boing!
The ice encasing you melts away.
The ironbound frostheart calls freezing cold from the walls.
The frost grips you!! You partially resist.
You die...

#####
#####...##
##∩.......#
#......#@.#
#....###..#
#∩#.###.†##
#######..†#
##.##
##..##
#...###..##
##D..○p.##
#..#.h..#
#..###.##


You could see an ironbound frostheart (summoned) and a polar bear (summoned).

Vanquished Creatures
  An orc warlord (Orc:1)
  An ironbound preserver (D:13)
  A stone giant (Volcano)
  The ghost of issech the Basher, a journeyman TrMo of Hepliaklqana (Orc:1)
  Harold (D:8)
  2 boulder beetles
  2 naga warriors (D:13)
  8 hydras
  A death knight (D:12)
  6 centaur warriors
  4 catoblepae (Lair:6)
  4 two-headed ogres
  Erica (D:10)
  5 death yaks
  5 tengu warriors
  2 orc high priests (Orc:2)
  4 skeletal warriors
  A fire crab (Lair:4)
  A glowing orange brain (Lair:3)
  A phantasmal warrior (D:12)
  A wizard (D:14)
  3 orc knights
  A deep elf pyromancer (D:13)
  7 cyclopes
  4 manticores
  17 ugly things
  6 orc sorcerers
  4 elephants (Lair:6)
  3 black mambas
  Joseph (D:8)
  A smoke demon (Abyss:2)
  3 gargoyles
  2 torpor snails
  Maggie (D:8)
  6 rime drakes
  14 cane toads
  2 kobold demonologists
  13 komodo dragons
  A freezing wraith (D:12)
  4 unseen horrors
  A tormentor (Abyss:2)
  2 efreet
  A queen bee (shapeshifter) (D:14)
  4 polar bears
  A meliai (Lair:4)
  7 trolls
  19 blink frogs
  A hornet (D:9)
  A jumping spider (shapeshifter) (D:14)
  6 slime creatures (D:13)
  A shadow (D:11)
  A centaur simulacrum (D:15)
  58 yaks
  6 wyverns
  2 ynoxinuls (Abyss:2)
  2 wraiths (D:12)
  2 basilisks
  A steam dragon (D:9)
  11 vampire mosquitoes (D:13)
  4 acid dragons
  2 small abominations (Abyss:2)
  A large abomination (Abyss:2)
  8 wargs
  10 water moccasins
  3 sky beasts
  24 orc warriors
  2 ice beasts
  2 black bears
  A boggart (shapeshifter) (D:15)
  6 ogres
  4 wolves (Lair:6)
  17 centaurs
  2 kobold brigands (D:10)
  10 bullfrogs
  A gnoll sergeant (D:10)
  3 scorpions
  5 killer bees
  4 wights (D:7)
  4 howler monkeys
  A starcursed mass (Abyss:2)
  2 centaur zombies
  A centaur skeleton (D:6)
  A quasit (Abyss:2)
  A bullfrog skeleton (D:6)
  32 orc priests
  An iguana (D:5)
  40 orc wizards
  A howler monkey zombie (D:6)
  4 gnolls (D:10)
  7 adders
  2 shadow imps
  An ufetubus (Abyss:2)
  2 worms (D:4)
  3 dart slugs
  81 orcs
  8 ball pythons
  6 bats
  2 endoplasms
  10 giant cockroaches
  8 hobgoblins
  2 quokkas
  3 frilled lizards (D:2)
  8 goblins
  11 kobolds
  9 rats
  A lurking horror (Abyss:2)
634 creatures vanquished.

Vanquished Creatures (others)
  2 ugly things (D:14)
  An orc wizard (Orc:2)
  26 fungi
  80 plants
  2 withered plants (D:15)
111 creatures vanquished.

Grand Total: 745 creatures vanquished

Notes
Turn   | Place    | Note
-------+----------+-------------------------------------------
     0 | D:1      | SnakkuSnakku7 the Barachi Necromancer began the quest for
                  | the Orb.
     0 | D:1      | Reached XP level 1. HP: 13/13 MP: 3/3
   194 | D:2      | Reached XP level 2. HP: 1/19 MP: 0/5
  1203 | D:1      | Reached XP level 3. HP: 21/24 MP: 4/6
  1249 | D:1      | Learned a level 3 spell: Vampiric Draining
  1774 | D:2      | Found a faded altar of an unknown god.
  1801 | D:2      | Identified the +6 whip of Ceesaedi {vorpal, Fragile Will+
                  | Str+6 SInv}
  2535 | D:3      | Found Cegeor's Magic Scroll Boutique.
  2542 | D:3      | Bought a scroll of teleportation for 30 gold pieces
  2542 | D:3      | Bought a scroll of identify for 20 gold pieces
  2557 | D:3      | Reached skill level 5 in Necromancy
  2557 | D:3      | Reached XP level 4. HP: 20/30 MP: 2/7
  2739 | D:3      | Reached XP level 5. HP: 18/35 MP: 8/8
  3305 | D:3      | Found an ornate altar of the Wu Jian Council.
  3416 | D:3      | Noticed an ice beast
  3432 | D:3      | Killed an ice beast
  3433 | D:3      | Reached XP level 6. HP: 11/41 MP: 3/9
  3875 | D:4      | Noticed a sky beast
  3889 | D:4      | Killed a sky beast
  3890 | D:4      | Reached XP level 7. HP: 39/46 MP: 0/10
  4001 | D:4      | Found a staircase to the Ecumenical Temple.
  4058 | Temple   | Entered the Ecumenical Temple
  4081 | Temple   | Became a worshipper of Sif Muna the Loreminder
  4297 | D:5      | Entered Level 5 of the Dungeon
  4469 | D:5      | Learned a level 5 spell: Agony
  4529 | D:5      | Identified 2 scrolls of acquirement
  4532 | D:5      | Acquired 628 gold pieces
  4533 | D:5      | Acquired 1065 gold pieces
  4631 | D:3      | Bought a scroll of fear for 35 gold pieces
  4631 | D:3      | Bought a scroll of blinking for 75 gold pieces
  4631 | D:3      | Bought a scroll of teleportation for 30 gold pieces
  4631 | D:3      | Bought a scroll of teleportation for 30 gold pieces
  4631 | D:3      | Bought a scroll of identify for 20 gold pieces
  4631 | D:3      | Bought a scroll of enchant armour for 75 gold pieces
  4631 | D:3      | Bought a scroll of holy word for 75 gold pieces
  4631 | D:3      | Bought a scroll of vulnerability for 75 gold pieces
  4804 | D:5      | Reached XP level 8. HP: 52/52 MP: 4/11
  5486 | D:6      | Noticed a wyvern
  5507 | D:6      | Reached * piety under Sif Muna
  5600 | D:6      | Killed a wyvern
  5601 | D:6      | Reached skill level 10 in Necromancy
  6532 | D:7      | Reached skill level 5 in Spellcasting
  6560 | D:7      | Reached XP level 9. HP: 30/57 MP: 4/16
  6811 | D:7      | Found a burning altar of Makhleb.
  7551 | D:8      | Noticed Joseph
  7565 | D:8      | Killed Joseph
  7566 | D:8      | Reached skill level 5 in Shields
  7566 | D:8      | Noticed Maggie
  7863 | D:8      | Killed Maggie
  7941 | D:8      | Found a runed translucent gate.
  7942 | D:8      | Found a runed translucent gate.
  7943 | D:8      | Found a runed translucent gate.
  7945 | D:8      | Noticed freelancePsychic's ghost (novice MfIE)
  7947 | D:8      | Noticed browni3141's ghost (novice TrBe)
  7975 | D:8      | Reached skill level 5 in Fighting
  8303 | D:8      | Noticed Harold
  8323 | D:8      | Killed Harold
  8324 | D:8      | Reached XP level 10. HP: 64/80 MP: 17/17
  8819 | D:9      | Reached ** piety under Sif Muna
  8859 | D:9      | Reached skill level 5 in Armour
  9045 | D:9      | Noticed a brown ugly thing
  9059 | D:9      | Killed a brown ugly thing
  9185 | D:10     | Entered Level 10 of the Dungeon
  9488 | D:10     | Found a staircase to the Lair.
  9506 | D:10     | Reached skill level 1 in Invocations
  9772 | D:10     | Reached skill level 5 in Invocations
  9772 | D:10     | Reached XP level 11. HP: 63/86 MP: 5/18
 10082 | D:10     | Noticed Erica
 10104 | D:10     | Killed Erica
 10240 | D:10     | Noticed a two-headed ogre
 10249 | D:10     | Killed a two-headed ogre
 10313 | D:10     | Reached *** piety under Sif Muna
 10367 | D:10     | Found a staircase to the Orcish Mines.
 10448 | Lair:1   | Entered Level 1 of the Lair of Beasts
 10498 | D:10     | Reached skill level 5 in Maces & Flails
 11438 | Lair:1   | Learned a level 4 spell: Sticky Flame
 11574 | Lair:1   | Reached skill level 1 in Conjurations
 11574 | Lair:1   | Reached skill level 1 in Fire Magic
 12115 | Lair:2   | You fall into a shaft and drop 1 floor!
 12115 | Lair:3   | Noticed a seven-headed hydra
 12457 | Lair:2   | Reached XP level 12. HP: 92/92 MP: 19/19
 13203 | Lair:3   | Noticed a four-headed hydra
 13211 | Lair:3   | Reached skill level 5 in Conjurations
 13211 | Lair:3   | Reached skill level 5 in Fire Magic
 13388 | Lair:2   | Killed a seven-headed hydra
 13653 | Lair:3   | Killed a four-headed hydra
 13658 | Lair:3   | Reached **** piety under Sif Muna
 13807 | Lair:3   | Noticed Urug
 13973 | Lair:3   | Noticed Urug
 13973 | Lair:3   | Urug changed into Urug the glowing orange brain
 13995 | Lair:3   | Killed Urug the glowing orange brain
 14055 | Lair:3   | Identified the +2 chain mail of the Clam {rElec rF+ Int+6
                  | Dex-4}
 14185 | Lair:3   | Found a staircase to the Shoals.
 14558 | Lair:4   | Found a runed translucent door.
 14569 | Lair:4   | Noticed a four-headed hydra
 14578 | Lair:4   | Killed a four-headed hydra
 14588 | Lair:4   | Gained mutation: You can hop long distances. [Barachi
                  | growth]
 14588 | Lair:4   | Reached XP level 13. HP: 69/98 MP: 7/22
 14605 | Lair:4   | Found a hole to the Spider Nest.
 16246 | Lair:6   | Entered Level 6 of the Lair of Beasts
 16285 | Lair:6   | Reached ***** piety under Sif Muna
 16320 | Lair:6   | Reached skill level 5 in Dodging
 16675 | Lair:6   | Received a gift from Sif Muna
 16798 | Lair:6   | Found a dark tunnel.
 16806 | Volcano  | Entered a volcano
 17068 | Volcano  | Noticed a stone giant
 17081 | Volcano  | Killed a stone giant
 17743 | Lair:6   | Reached XP level 14. HP: 69/105 MP: 15/26
 18264 | Lair:6   | Reached skill level 10 in Conjurations
 18264 | Lair:6   | Reached skill level 10 in Fire Magic
 18826 | Lair:6   | Found the +3 giant club "Skullcrusher" {speed, Str+7}
 19997 | D:11     | You fall into a shaft and drop 2 floors!
 20492 | D:12     | Received a gift from Sif Muna
 20516 | D:12     | Learned a level 4 spell: Flame Wave
 20569 | D:12     | Identified the +0 leather armour of the Soldier {rF+ Regen+
                  | Str-5 Int+3}
 21952 | Orc:1    | Entered Level 1 of the Orcish Mines
 22043 | Orc:1    | Found a runed translucent door.
 22043 | Orc:1    | Noticed issech's ghost (journeyman TrMo)
 22744 | Orc:1    | Killed issech's ghost
 22786 | Orc:2    | Entered Level 2 of the Orcish Mines
 22801 | Orc:2    | Paralysed by an orc sorcerer for 3 turns
 22803 | Orc:2    | Noticed an orc warlord
 23118 | Orc:1    | Killed an orc warlord
 23530 | Orc:2    | Received a gift from Sif Muna
 23684 | Orc:1    | Reached XP level 15. HP: 69/110 MP: 12/27
 23842 | Orc:2    | Got Norizi Lisk's Catalogue of Icy Unholy Arts {god gift}
 24149 | Orc:2    | Found Ymadd's Armour Boutique.
 24149 | Orc:2    | Found Appopn's Armour Shop.
 24149 | Orc:2    | Found Uxism's Book Boutique.
 24153 | Orc:2    | Found Lidauminn's Book Shop.
 24163 | Orc:2    | Bought a book of Fire for 616 gold pieces
 24170 | Orc:2    | Learned a level 6 spell: Starburst
 24338 | Orc:2    | Found a staircase to the Elven Halls.
 25568 | D:13     | Found a gate to the Vaults.
 25736 | D:13     | Found a runed translucent gate.
 25736 | D:13     | Found a runed translucent gate.
 25736 | D:13     | Found a runed translucent gate.
 25737 | D:13     | Noticed dolemite99's ghost (journeyman DsCj)
 25739 | D:13     | Found an iron altar of Okawaru.
 25860 | D:13     | Identified the +8 flail "Dohituny" {drain, rC+ Dex+2
                  | Stlth+}
 26295 | D:13     | Received a gift from Sif Muna
 26815 | D:13     | HP: 5/110 [poisoned by a naga warrior (splash of poison)]
 27424 | D:13     | Identified the +3 demon whip of Riusaili {drain, rN+ Str+3}
 28602 | D:14     | Cast into level 2 of the Abyss (a wizard)
 28689 | Abyss:2  | Noticed a bone dragon
 28748 | Abyss:2  | Paralysed by accursed screaming for 1 turns
 29246 | D:14     | Escaped the Abyss
 29593 | D:14     | Found Asur's Jewellery Shoppe.
 29599 | D:14     | Acquired the +3 helmet of Intuition {Dex+3}
 29948 | D:15     | Entered Level 15 of the Dungeon
 30158 | D:15     | Reached XP level 16. HP: 117/117 MP: 16/29
 30171 | D:15     | Found a frozen archway.
 30209 | IceCv    | Entered an ice cave
 30235 | IceCv    | Reached skill level 10 in Spellcasting
 30341 | IceCv    | Killed from afar by an ironbound frostheart

Illustrated notes

Levels and vault maps discovered:
D:1:      saegor_arrival_simple_e, layout_basic, kennysheep_decorative_pillar,
          minmay_worlds_worst_comb
D:2:      layout_basic, hellmonk_ecumenical_altar_zigzags
D:3:      layout_basic, mainiacjoe_overflow_boulevard, serial_forest,
          infiniplex_forest_clump_small, infiniplex_forest_lined_2,
          infiniplex_forest_lined_3_way, infiniplex_forest_clump_double,
          infiniplex_forest_end_double, infiniplex_forest_clump_tiny,
          infiniplex_forest_straight_2, infiniplex_forest_clump_small,
          serial_shops, shop_statue, nicolae_figureground_pulse
D:4:      layout_rooms, minmay_temple_entry_drinking_statues, minmay_manual_moon
D:5:      layout_loops_cross
D:6:      layout_layer_cave, kennysheep_generic_room_5
D:7:      layout_layer_cave, serial_bayou_pond_d, david_defended_altar_orc
D:8:      layout_loops_ring, gammafunk_ghost_cemetery,
          hangedman_abyss_or_decor_slice, uniq_joseph, uniq_harold, uniq_maggie
D:9:      layout_roguey
D:10:     kennysheep_ambush_hall, layout_irregular_city,
          erik_lair_orcish_takeover, uniq_erica
D:11:     layout_grid_maze
D:12:     layout_loops_ring
D:13:     layout_roguey, skrybe_vaults_entry_preservation,
          gammafunk_ghost_fury_of_okawaru
D:14:     layout_loops_ring, serial_shops, nicolae_diamond_shop
D:15:     gammafunk_depths_entry_grave, layout_basic,
          portal_ice_cave_entry_pillars_1, drop_trap
Temple:   mainiacjoe_temple_hex_bubbles
Lair:1:   layout_cave_pods
Lair:2:   layout_regular_city
Lair:3:   layout_roguey, elwin_shoals_entry_rocks, serial_bayou_lagoon_a,
          grunt_megastairs_3, uniq_urug
Lair:4:   layout_cave_shapes, hellmonk_spider_entry_not_the_bees,
          pf_torpor_hydra
Lair:5:   layout_gridlike, minmay_slime_entry_oklob_enclosed,
          lemuel_fruit_fields, lemuel_fruit_fields, infiniplex_staircase_pool_2
Lair:6:   evilmike_catoblepas_cave, layout_regular_city,
          lightli_volcano_entry_magma_tube, st_stairs_9
Orc:1:    layout_diamond_mine, hellmonk_ghost_happy_afterlife, mines2_david
Orc:2:    st_orc_mages, layout_caves
IceCv:    ice_cave_caverns_03

Skill      XL: |  1  2  3  4  5  6  7  8  9 10 11 12 13 14 15 16 |
---------------+-------------------------------------------------+-----
Necromancy     | 4 5 6 7 8 10 | 10.0
Spellcasting   | 5 6 8 9 10 | 10.0
Shields        | 2 5 |  5.0
Fighting       | 8 |  8.0
Armour         | 4 8 |  8.0
Invocations    | 5 7 |  7.1
Maces & Flails | 7 |  7.7
Conjurations   | 2 8 9 12 14 | 14.6
Fire Magic     | 2 8 9 12 14 | 14.6
Dodging        | 8 |  8.0
Stealth        | |  1.7

Action                   |  1- 3 |  4- 6 |  7- 9 | 10-12 | 13-15 | 16-18 || total
-------------------------+-------+-------+-------+-------+-------+-------++-------
Melee: Unarmed           |    12 |       |       |       |       |       ||    12
       Dagger            |    19 |       |       |       |       |       ||    19
       Morningstar       |    37 |       |       |       |       |       ||    37
       Punch             |     1 |       |       |       |       |       ||     1
       Whip              |    26 |   109 |   192 |   709 |   856 |       ||  1892
       Flail             |       |       |       |       |   205 |    10 ||   215
Throw: Dart              |       |       |     1 |       |       |       ||     1
 Cast: Pain              |    32 |     1 |     1 |       |       |       ||    34
       Vampiric Draining |       |     7 |    37 |   131 |    95 |       ||   270
       Sticky Flame      |       |       |       |     3 |   113 |       ||   116
       Flame Wave        |       |       |       |       |    75 |       ||    75
       Starburst         |       |       |       |       |    39 |     5 ||    44
Invok: Channel Magic     |       |       |       |       |     5 |     1 ||     6
 Abil: Hop               |     1 |     1 |       |     5 |    10 |     1 ||    18
Evoke: Wand              |       |     2 |     8 |    15 |    14 |       ||    39
  Use: Scroll            |     2 |       |     8 |     5 |    15 |       ||    30
       Potion            |       |       |       |     1 |     8 |       ||     9
 Stab: Sleeping          |     6 |     1 |       |       |       |       ||     7
       Petrified         |       |       |       |       |    22 |       ||    22
       Distracted        |       |       |       |       |     1 |       ||     1
Armor: Robe              |    30 |    45 |    86 |       |       |       ||   161
       Swamp dragon scal |       |       |    13 |   407 |   616 |    11 ||  1047
Dodge: Dodged            |    58 |    60 |   118 |   331 |   621 |     8 ||  1196
Block: Buckler           |     1 |    15 |    44 |   424 |   663 |    18 ||  1165
       Reflection        |       |       |     5 |     7 |    21 |     2 ||    35
